 Dungeon Crawl Stone Soup version 0.30-a0-622-gddc90eaa04 (webtiles) character file.

Game seed: 14901769330722069522

2221 NinjaNoafa the Ducker (level 9, -3/70 HPs)
             Began as a Gnoll Wanderer on Jan 10, 2023.
             Was an Initiate of Cheibriados.
             Slain by a wight
             ... wielding a +0 halberd
              (4 damage)
             ... on level 7 of the Dungeon.
             The game lasted 00:19:10 (7139 turns).

NinjaNoafa the Ducker (Gnoll Wanderer)              Turns: 7139, Time: 00:19:11

Health: -3/70      AC:  6    Str: 12    XL:     9   Next: 35%
Magic:  16/16      EV: 13    Int: 22    God:    Cheibriados [......]
Gold:   300        SH:  5    Dex: 13    Spells: 15/18 levels left

rFire   . . .      SeeInvis +    a - +8 flail "Noejegga" {vamp, *Rage rN+++ Str-4 Int+9}
rCold   . . .      Faith    .    d - +0 buckler
rNeg    + + +      Spirit   .    c - +0 leather armour
rPois   .          Reflect  .    k - +2 helmet
rElec   .          Harm     .    (no cloak)
rCorr   .          Rampage  .    (no gloves)
Will    .....      Rage     20%  (no boots)
Stlth   +++                      (no amulet)
HPRegen 0.31/turn                f - ring of see invisible
MPRegen 0.15/turn                (no ring)

@: on berserk cooldown, slowed, very slow
A: fangs 1, strong nose, distributed training
a: Renounce Religion


You were on level 7 of the Dungeon.
You worshipped Cheibriados.
Cheibriados was noncommittal.
You visited 2 branches of the dungeon, and saw 8 of its levels.

You collected 300 gold pieces.

Inventory:

Hand Weapons
 a - the +8 flail "Noejegga" (weapon) {vamp, *Rage rN+++ Str-4 Int+9}
   (You found it on level 5 of the Dungeon)

   Str:       It affects your strength (-4).
   Int:       It affects your intelligence (+9).
   rN:        It renders you almost immune to negative energy.
   *Rage:     It berserks you when you make melee attacks (+20% chance).
 b - the +6 dagger "Beanuh" {protect, rC- Will++ Str+2}
   (You found it on level 4 of the Dungeon)

   Str:       It affects your strength (+2).
   rC:        It makes you vulnerable to cold.
   Will:      It greatly increases your willpower.
Missiles
 e - 23 poisoned darts
 h - 3 curare-tipped darts
 m - 8 boomerangs (quivered)
 n - 6 javelins
 q - 5 atropa-tipped darts
Armour
 c - a +0 leather armour (worn)
 d - a +0 buckler (worn)
 k - a +2 helmet (worn)
Jewellery
 f - a ring of see invisible (left hand)
 x - a ring of ice
Scrolls
 r - a scroll of silence
 t - a scroll of blinking {unknown}
 u - 2 scrolls of enchant armour {unknown}
 w - a scroll of noise {unknown}
 y - a scroll of brand weapon {unknown}
 z - a scroll of poison {unknown}
Potions
 g - 4 potions of berserk rage
 i - 2 potions of ambrosia
 j - 7 potions of curing
 l - a potion of invisibility {unknown}
 o - 2 potions of attraction
 p - 2 potions of brilliance
 v - a potion of cancellation {unknown}
 A - a potion of degeneration {unknown}


   Skills:
 + Level 6.3 Fighting
 + Level 4.3 Short Blades
 + Level 6.3 Long Blades
 + Level 4.3 Axes
 + Level 4.3 Maces & Flails
 + Level 4.3 Polearms
 + Level 4.3 Staves
 + Level 4.3 Ranged Weapons
 + Level 4.3 Throwing
 + Level 5.1 Armour
 + Level 6.3 Dodging
 + Level 5.0 Stealth
 + Level 4.3 Shields
 + Level 4.3 Unarmed Combat
 + Level 5.2 Spellcasting
 + Level 3.5 Conjurations
 + Level 3.5 Hexes
 + Level 4.2 Summonings
 + Level 3.5 Necromancy
 + Level 3.5 Translocations
 + Level 3.5 Transmutations
 + Level 3.5 Fire Magic
 + Level 3.5 Ice Magic
 + Level 3.5 Air Magic
 + Level 3.5 Earth Magic
 + Level 3.5 Poison Magic
 + Level 4.7 Invocations
 + Level 4.3 Evocations


You had 15 spell levels left.
You knew the following spells:

 Your Spells              Type           Power      Damage    Failure   Level
a - Summon Small Mammal   Summ           96%        N/A       3%          1
b - Static Discharge      Conj/Air       42%        2-4/arc   6%          2

Your spell library contained the following spells:

 Spells                   Type           Power      Damage    Failure   Level
 Summon Guardian Golem    Hex/Summ       22%        N/A       10%         3
 Portal Projectile        Hex/Tloc       42%        N/A       12%         3
 Tukima's Dance           Hex            21%        N/A       12%         3
 Vhi's Electric Charge    Tloc/Air       42%        N/A       12%         3
 Anguish                  Hex/Necr       10%        N/A       36%         4
 Arcjolt                  Conj/Air       10%        1d20      71%         5
 Blade Hands              Tmut           10%        N/A       71%         5
 Lightning Bolt           Conj/Air       10%        1d23      71%         5
 Enfeeble                 Hex            10%        N/A       100%        7


Dungeon Overview and Level Annotations

Branches:
Dungeon (7/15)             Temple (1/1) D:7

Altars:
Ashenzari
Cheibriados
Dithmenos
Elyvilon
Fedhas
Gozag
Hepliaklqana
Kikubaaqudgha
Nemelex Xobeh
Okawaru
Qazlal
Ru
Sif Muna
Trog
Uskayaw
Wu Jian
Xom
Yredelemnul
Zin
The Shining One


Innate Abilities, Weirdness & Mutations

You have very sharp teeth.
Your uncanny sense of smell can sniff out nearby items.
Your experience applies equally to all skills.


Message History

Your quokka's corpse disappears in a puff of smoke!
Your Stealth skill increases to level 5!
You block the wight's attack. The wight hits you with a +3 halberd!
Things that are here:
a +3 short sword; a +0 robe You thump the wight!
You bite the wight.
The wight is heavily damaged.
The wight barely misses you. The wight hits you with a +3 halberd!
You closely miss the wight.
The wight is heavily damaged.
The wight hits you with a +3 halberd. The wight closely misses you. x3
The wight barely misses you. You block the wight's attack.
You bludgeon the wight!!
You destroy the wight!
Cheibriados appreciates the change of pace.
You block the wight's attack.
The wight hits you from afar with a +0 halberd.
You hit the wight.
The wight is moderately damaged.
The wight hits you with a +4 long sword.
The wight closely misses you.
The wight hits you with a +0 short sword.
You feel a strong urge to attack something.
You are no longer berserk.
You are exhausted.
You feel yourself slow down. The wight barely misses you.
The wight hits you with a +4 long sword!
The wight misses you. The wight barely misses you.
You block the wight's attack. The wight barely misses you.
The wight hits you with a +0 halberd.
You closely miss the wight.
The wight hits you with a +0 short sword.
* * * LOW HITPOINT WARNING * * *
The wight hits you with a +4 long sword!
* * * LOW HITPOINT WARNING * * *
The wight misses you.
The wight hits you with a +4 long sword!
* * * LOW HITPOINT WARNING * * *
The wight hits you from afar with a +0 halberd.
You die...

###### ###....# #......#
###......# ####
#########........# #..
.................# #.#
.....##.........z####.#####.#
.).'..#.#.......@.z).........
)..#.#.#.#.^...###z...#####.#
####.##...............####
#..#.........)........#
#..........[..........#
###.##.......##>......#
#.########..........# ∆ #.#
......#.......# ∆..#
.####'#######.#


You could see 3 wights.

Vanquished Creatures
  Sigmund (D:4)
  A sky beast (D:6)
  An ice beast (D:5)
  An ogre (D:7)
  2 centaurs (D:6)
  2 kobold brigands
  2 bullfrogs (D:7)
  A necrophage (D:7)
  A scorpion (D:6)
  9 wights
  4 hounds
  3 orc priests
  6 iguanas
  5 orc wizards
  3 gnolls (D:4)
  A howler monkey skeleton (D:7)
  7 adders
  2 white imps
  3 ufetubi
  2 worms
  4 dart slugs
  29 orcs
  10 ball pythons
  4 bats
  10 endoplasms
  3 giant cockroaches
  4 goblins
  10 hobgoblins
  8 jackals
  2 quokkas
  5 frilled lizards
  24 kobolds
  5 rats
175 creatures vanquished.

Vanquished Creatures (collateral kills)
  An adder (D:6)
  A hobgoblin (D:3)
  A kobold (D:3)
3 creatures vanquished.

Vanquished Creatures (others)
  A fungus (D:4)
  25 withered plants (D:7)
26 creatures vanquished.

Grand Total: 204 creatures vanquished

Notes
Turn   | Place    | Note
-------+----------+-------------------------------------------
     0 | D:1      | NinjaNoafa the Gnoll Wanderer began the quest for the Orb.
     0 | D:1      | NinjaNoafa set off with the following items: a +3 falchion,
                  | a scroll of silence, a +0 leather armour; and the following
                  | spell memorised: Summon Small Mammal; and the following
                  | spells available to memorise: Summon Guardian Golem.
     0 | D:1      | Reached XP level 1. HP: 20/20 MP: 4/4
   155 | D:1      | Reached XP level 2. HP: 26/26 MP: 2/5
   445 | D:1      | Reached XP level 3. HP: 31/31 MP: 7/7
   731 | D:2      | Reached skill level 1 in Invocations
  1073 | D:2      | Reached skill level 1 in Short Blades
  1073 | D:2      | Reached skill level 1 in Axes
  1073 | D:2      | Reached skill level 1 in Maces & Flails
  1073 | D:2      | Reached skill level 1 in Polearms
  1073 | D:2      | Reached skill level 1 in Staves
  1073 | D:2      | Reached skill level 1 in Ranged Weapons
  1073 | D:2      | Reached skill level 1 in Throwing
  1073 | D:2      | Reached skill level 1 in Shields
  1073 | D:2      | Reached skill level 1 in Unarmed Combat
  1073 | D:2      | Reached skill level 1 in Evocations
  1088 | D:2      | Reached skill level 1 in Conjurations
  1088 | D:2      | Reached skill level 1 in Hexes
  1088 | D:2      | Reached skill level 1 in Necromancy
  1088 | D:2      | Reached skill level 1 in Translocations
  1088 | D:2      | Reached skill level 1 in Transmutations
  1088 | D:2      | Reached skill level 1 in Fire Magic
  1088 | D:2      | Reached skill level 1 in Ice Magic
  1088 | D:2      | Reached skill level 1 in Air Magic
  1088 | D:2      | Reached skill level 1 in Earth Magic
  1088 | D:2      | Reached skill level 1 in Poison Magic
  1088 | D:2      | Reached XP level 4. HP: 17/38 MP: 8/8
  1597 | D:3      | Reached XP level 5. HP: 41/43 MP: 9/9
  2091 | D:3      | Noticed a kobold brigand
  2177 | D:4      | Reached XP level 6. HP: 50/50 MP: 9/11
  2213 | D:4      | Noticed Sigmund
  2221 | D:4      | Killed Sigmund
  2222 | D:4      | Reached skill level 5 in Fighting
  2222 | D:4      | Reached skill level 5 in Long Blades
  2222 | D:4      | Reached skill level 5 in Dodging
  2448 | D:4      | Reached XP level 7. HP: 38/56 MP: 12/12
  2530 | D:4      | Identified the +6 dagger "Beanuh" {protect, rC- Will++
                  | Str+2}
  3042 | D:5      | Entered Level 5 of the Dungeon
  3177 | D:5      | Identified the +8 flail "Noejegga" {vamp, *Rage rN+++ Str-4
                  | Int+9}
  3805 | D:5      | Found a shimmering altar of Xom.
  3809 | D:5      | Found an iron altar of Okawaru.
  3810 | D:5      | Found a glowing silver altar of Zin.
  3811 | D:5      | Found a bloodstained altar of Trog.
  3811 | D:5      | Found a shimmering blue altar of Sif Muna.
  4375 | D:3      | Reached XP level 8. HP: 62/63 MP: 14/14
  5917 | D:6      | Learned a level 2 spell: Static Discharge
  6125 | D:7      | HP: 3/64 [wight/+3 halberd (15)]
  6403 | D:7      | Reached XP level 9. HP: 32/69 MP: 16/16
  6527 | D:7      | Found a glowing golden altar of the Shining One.
  6578 | D:7      | Reached skill level 5 in Spellcasting
  6675 | D:7      | Reached skill level 5 in Armour
  6893 | D:7      | Found a staircase to the Ecumenical Temple.
  6904 | Temple   | Entered the Ecumenical Temple
  6971 | Temple   | Became a worshipper of Cheibriados the Contemplative
  7130 | D:7      | Reached skill level 5 in Stealth
  7139 | D:7      | HP: 1/70 [wight/+4 long sword (12)]
  7139 | D:7      | Slain by a wight

Illustrated notes

Levels and vault maps discovered:
D:1:      minmay_arrival_checkered_box, layout_loops_ring
D:2:      cheibrodos_pilgrimage, layout_basic, dk_vineyard_3
D:3:      cheibrodos_thug_alley, layout_rooms, grunt_ministairs_3,
          minmay_between
D:4:      layout_loops_cross, dreamdust_mushroom_princess, uniq_sigmund
D:5:      layout_loops_ring, grunt_temple_overflow_open
D:6:      layout_loops_ring, minmay_misc_feat_encased, minmay_crossroads,
          uniq_crazy_yiuf_cottage
D:7:      layout_basic, amcnicky_altar_gilded, minmay_temple_entry_proselytizer,
          serial_shops, kennysheep_little_box, minmay_misc_feat_diagonals,
          minmay_misc_feat_square, minmay_misc_feat_iff,
          dilly_guarded_unrand_morg, uniq_joseph
Temple:   nicolae_temple_bog_church

Skill      XL: |  1  2  3  4  5  6  7  8  9 |
---------------+----------------------------+-----
Summonings     | 2 3 4 |  4.2
Invocations    | 1 2 3 4 |  4.7
Short Blades   | 1 2 3 4 |  4.3
Axes           | 1 2 3 4 |  4.3
Maces & Flails | 1 2 3 4 |  4.3
Polearms       | 1 2 3 4 |  4.3
Staves         | 1 2 3 4 |  4.3
Ranged Weapons | 1 2 3 4 |  4.3
Throwing       | 1 2 3 4 |  4.3
Shields        | 1 2 3 4 |  4.3
Unarmed Combat | 1 2 3 4 |  4.3
Evocations     | 1 2 3 4 |  4.3
Spellcasting   | 3 4 5 |  5.2
Conjurations   | 1 2 3 |  3.5
Hexes          | 1 2 3 |  3.5
Necromancy     | 1 2 3 |  3.5
Translocations | 1 2 3 |  3.5
Transmutations | 1 2 3 |  3.5
Fire Magic     | 1 2 3 |  3.5
Ice Magic      | 1 2 3 |  3.5
Air Magic      | 1 2 3 |  3.5
Earth Magic    | 1 2 3 |  3.5
Poison Magic   | 1 2 3 |  3.5
Armour         | 3 4 5 |  5.1
Stealth        | 3 4 5 |  5.0
Fighting       | 5 6 |  6.3
Long Blades    | 5 6 |  6.3
Dodging        | 5 6 |  6.3

Action                   |  1- 3 |  4- 6 |  7- 9 || total
-------------------------+-------+-------+-------++-------
Melee: Falchion          |    96 |   131 |    12 ||   239
       Bite              |     5 |    19 |    22 ||    46
       Flail             |       |       |   152 ||   152
       Dagger            |       |       |    50 ||    50
Throw: Dart              |       |     1 |     1 ||     2
       Boomerang         |       |       |    35 ||    35
 Cast: Summon Small Mamm |     4 |     5 |    64 ||    73
       Static Discharge  |       |       |     7 ||     7
  Use: Scroll            |       |     3 |     5 ||     8
       Potion            |       |     1 |     2 ||     3
 Stab: Sleeping          |     3 |     4 |     2 ||     9
       Distracted        |       |       |     2 ||     2
Armor: Leather armour    |    19 |    37 |    66 ||   122
Dodge: Dodged            |    49 |   125 |   175 ||   349
Block: Buckler           |    13 |    24 |    74 ||   111

Table legend: (Time is in decaauts)
 A = Elapsed time spent in this place.
 B = Non-inter-level travel time spent in this place.
 C = Inter-level travel time spent in this place.
 D = Time resting spent in this place.
 E = Time spent auto-exploring this place.
 F = Levels seen in this place.
 G = Mean time per level.
                   A        B        C        D        E       F      G
               +--------+--------+--------+--------+--------+-----+--------+
         Total |   7462 |   6780 |    682 |    363 |   4744 |   8 |  932.8 |
       Dungeon |   7218 |   6543 |    675 |    363 |   4536 |   7 | 1031.1 |
        Temple |    244 |    238 |      6 |      0 |    207 |   1 |  244.0 |
               +--------+--------+--------+--------+--------+-----+--------+

Top non-repeatable levels by time:
     D:6: 1451 daAuts
     D:5: 1155 daAuts
     D:4: 1155 daAuts
     D:3: 932 daAuts
     D:7: 926 daAuts
     D:2: 869 daAuts
     D:1: 727 daAuts
  Temple: 244 daAuts
